Flyers vs Devils
Created - April 11, 2023 at 19:11
Goals
|
| Flyers |
2 |
0 |
1 |
3 |
| Devils |
3 |
1 |
1 |
5 |
|
Shots
|
| Flyers |
15 |
2 |
15 |
32 |
| Devils |
18 |
6 |
10 |
34 |
|
1st period
1. Devils , Marian Gaborik 13 (Nazem Kadri 50, Brandon Carlo 10) at 3:14
2. Flyers , Travis Zajac 7 (Jake Dotchin 2, Ilya Sorokin) at 5:32
3. Devils , Marian Gaborik 14 (Tyler Ennis 49, Nazem Kadri 51) at 12:05
4. Devils , Sven Baertschi 11 (Anton Stralman 27) at 16:21
5. Flyers , Travis Zajac 8 (Nick Ritchie 14, Matt Smaby 10) at 17:44
Penalties :
Jordan Nolan (Phi) for Holding Stick (Minor) at 5:44
2nd period
6. Devils , Nazem Kadri 28 (Tyler Ennis 50, Kristopher Letang 22) at 18:02
Penalties :
Travis Zajac (Phi) for Tripping (Minor) at 1:05, Drew Miller (Phi) for High sticking (Minor) at 3:35, Niclas Bergfors (Phi) for Roughing (Double Minor) at 5:58, Marcus Kruger (Phi) for Roughing (Minor) at 15:37
3rd period
7. Devils , Aleksander Barkov 19 (Brayden Point 13, Nick Palmieri 30) at 11:30 (PP)
8. Flyers , Max Pacioretty 28 (Jordan Nolan 39, Marcus Kruger 23) at 16:42
Penalties :
Anton Stralman (N.J) for Interference (Minor) at 5:39, Jordan Nolan (Phi) for Slashing (Minor) at 10:13
Goalie Stats
Ilya Sorokin (Phi), 29 saves from 34 shots - (0.853), L, 4-9-5, 60:00 minutes
Tyler Weiman (N.J), 29 saves from 32 shots - (0.906), W, 9-4-2, 60:00 minutes
Players Stats for Flyers
Player Name G A P +/- PIM S H SB GA TA FO MP PP MP PK MP
------------------------------------------------------------------------------------
Brian Lashoff 0 0 0 1 0 1 3 2 1 2 0/0 21:04 0:38 4:55
Brock Nelson 0 0 0 1 0 0 0 0 0 1 0/0 7:24 0:00 1:42
Calle Jarnkrok 0 0 0 1 0 1 0 0 0 0 2/2 7:06 0:00 1:24
Drew Miller 0 0 0 -1 2 0 0 0 2 0 0/0 14:41 0:57 0:00
Jacob Trouba 0 0 0 -3 0 2 1 3 2 2 0/0 26:49 1:21 7:43
Jake Dotchin 0 1 1 1 0 1 0 0 0 1 0/0 12:07 0:00 0:34
Jakub Voracek 0 0 0 -1 0 1 1 0 0 0 1/4 22:58 1:02 7:23
Jeff Carter 0 0 0 -2 0 5 2 0 0 0 5/9 18:54 0:57 3:49
Jonathan Ericsson 0 0 0 1 0 2 0 1 0 0 0/0 12:07 0:00 0:34
Jordan Nolan 0 1 1 -1 4 1 1 0 0 1 13/26 20:52 1:02 5:14
Marcus Kruger 0 1 1 -2 2 5 5 0 0 1 0/0 14:59 0:57 0:00
Matt Smaby 0 1 1 1 0 1 2 1 1 1 0/0 21:04 0:38 4:55
Max Pacioretty 1 0 1 -2 0 4 0 0 0 0 0/1 19:24 1:02 3:49
Nathan Beaulieu 0 0 0 -3 0 2 2 3 1 1 0/0 26:49 1:21 7:43
Nick Ritchie 0 1 1 1 0 2 1 1 1 0 2/5 13:29 0:00 3:03
Niclas Bergfors 0 0 0 1 4 0 1 0 1 0 1/1 10:51 0:00 0:00
Tomas Kubalik 0 0 0 1 0 0 1 0 0 0 0/0 5:34 0:00 0:00
Travis Zajac 2 0 2 1 2 4 3 0 0 0 4/9 10:30 0:00 0:00
Players Stats for Devils
Player Name G A P +/- PIM S H SB GA TA FO MP PP MP PK MP
------------------------------------------------------------------------------------
Aleksander Barkov 1 0 1 -2 0 2 1 0 0 0 5/15 19:35 6:37 0:31
Anton Lander 0 0 0 0 0 0 0 0 0 0 3/4 8:29 0:00 0:56
Anton Stralman 0 1 1 2 2 3 0 0 1 3 0/0 21:00 4:21 0:00
Brandon Carlo 0 1 1 -2 0 1 2 2 0 2 0/0 15:30 0:00 1:05
Brayden Point 0 1 1 0 0 2 1 0 0 0 3/8 14:09 1:18 0:00
Jason Pominville 0 0 0 -1 0 1 2 0 0 0 0/0 11:54 0:39 0:32
Jonathan Huberdeau 0 0 0 -1 0 1 0 0 0 0 0/0 12:36 5:41 0:00
Kristopher Letang 0 1 1 3 0 4 1 0 1 1 0/0 26:57 8:51 0:51
Logan Shaw 0 0 0 0 0 1 0 0 0 0 0/0 7:12 0:03 0:00
Marian Gaborik 2 0 2 3 0 3 0 1 2 0 1/1 21:47 6:16 0:00
Matt Donovan 0 0 0 0 0 3 1 0 1 0 0/0 18:48 4:21 1:18
Michael Del Zotto 0 0 0 -1 0 1 2 1 2 0 0/0 25:17 8:51 0:44
Miikka Salomaki 0 0 0 0 0 0 1 0 1 2 0/1 11:21 0:00 0:45
Nazem Kadri 1 2 3 3 0 7 1 0 0 0 15/25 21:47 6:16 0:00
Nick Palmieri 0 1 1 -2 0 0 1 2 0 0 1/2 19:56 6:37 0:56
Sven Baertschi 1 0 1 0 0 1 0 0 0 0 0/0 7:31 0:00 0:18
Thomas Hickey 0 0 0 0 0 0 0 1 0 1 0/0 12:31 0:00 0:00
Tyler Ennis 0 2 2 3 0 4 2 0 2 0 1/1 21:40 6:09 0:00
3 Stars
1 - Nazem Kadri (N.J)
2 - Marian Gaborik (N.J)
3 - Tyler Ennis (N.J)
Power Play
Flyers - 0 on 1 Attempt(s) - 0.00%
Devils - 1 on 7 Attempt(s) - 14.29%
Penalty Kill
Flyers - 6 on 7 Attempt(s) - 85.71%
- Score 0 goal in Penalty Kill
Devils - 1 on 1 Attempt(s) - 100.00%
- Score 0 goal in Penalty Kill
Team Stat
Flyers - Hits : 23 - Faceoff Wins : 28 - Blocked Shots : 11 - Penalty Minutes : 14
Devils - Hits : 15 - Faceoff Wins : 29 - Blocked Shots : 7 - Penalty Minutes : 2
Official
Referees : Garrett Rank and Steve Kozari
Linesman : Kiel Murchison and David Brisebois
Game Notes
Jonathan Huberdeau is injured at 16:56 of 2nd period (Bruised Right Shoulder)
Finance
Level 1 -- Attendance: 5433 (90.55%) -- Ticket Income $543,300
Level 2 -- Attendance: 5000 (100.00%) -- Ticket Income $300,000
Level 3 -- Attendance: 1968 (98.40%) -- Ticket Income $68,880
Level 4 -- Attendance: 4000 (100.00%) -- Ticket Income $100,000
Luxury Box -- Attendance: 931 (93.10%) -- Ticket Income $186,200
Game was played at the Prudential Center.
Total Attendance: 17332 (96.29%)
Total Ticket Income: $1,198,380
Other Income: $179,757
Total Income: $1,378,137
Flyers
5 vs 5 Forward
Center Left Wing Right Wing Time % Phy DF OF
1 Jordan Nolan Max Pacioretty Jakub Voracek 40 1 2 2
2 Jeff Carter Drew Miller Marcus Kruger 30 1 2 2
3 Travis Zajac Nick Ritchie Niclas Bergfors 20 1 2 2
4 Calle Jarnkrok Brock Nelson Tomas Kubalik 10 1 2 2
5 vs 5 Defense
Defense Defense Time % Phy DF OF
1 Jacob Trouba Nathan Beaulieu 40 1 2 2
2 Brian Lashoff Matt Smaby 30 1 2 2
3 Jonathan Ericsson Jake Dotchin 20 1 2 2
4 Jacob Trouba Nathan Beaulieu 10 1 2 2
PowerPlay Forward
Center Left Wing Right Wing Time % Phy DF OF
1 Jordan Nolan Max Pacioretty Jakub Voracek 60 1 2 2
2 Jeff Carter Drew Miller Marcus Kruger 40 1 2 2
PowerPlay Defense
Defense Defense Time % Phy DF OF
1 Jacob Trouba Nathan Beaulieu 60 1 2 2
2 Brian Lashoff Matt Smaby 40 1 2 2
Penalty Kill 4 Players Forward
Center Wing Time % Phy DF OF
1 Jordan Nolan Jakub Voracek 60 1 2 2
2 Max Pacioretty Jeff Carter 40 1 2 2
Penalty Kill 4 Players Defense
Defense Defense Time % Phy DF OF
1 Jacob Trouba Nathan Beaulieu 60 1 2 2
2 Brian Lashoff Matt Smaby 40 1 2 2
Penalty Kill - 3 Players Forward
Forward Time % Phy DF OF
1 Jordan Nolan 60 1 2 2
2 Jakub Voracek 40 1 2 2
Penalty Kill - 3 Players Defense
Defense Defense Time % Phy DF OF
1 Jacob Trouba Nathan Beaulieu 60 1 2 2
2 Brian Lashoff Matt Smaby 40 1 2 2
4 vs 4 Forward
Center Wing Time % Phy DF OF
1 Jordan Nolan Jakub Voracek 60 1 2 2
2 Max Pacioretty Jeff Carter 40 1 2 2
4 vs 4 Defense
Defense Defense Time % Phy DF OF
1 Jacob Trouba Nathan Beaulieu 60 1 2 2
2 Brian Lashoff Matt Smaby 40 1 2 2
Last Minutes Offensive
Center Left Wing Right Wing Defense Defense
Jordan Nolan Max Pacioretty Jakub Voracek Jacob Trouba Nathan Beaulieu
Last Minutes Defensive
Center Left Wing Right Wing Defense Defense
Jordan Nolan Max Pacioretty Jakub Voracek Jacob Trouba Nathan Beaulieu
Goaltenders
Starting : Ilya Sorokin
Backup : Steve Mason
Extra Forwards
Normal : Travis Zajac, Niclas Bergfors, Nick Ritchie - PP : Travis Zajac, Niclas Bergfors - PK : Nick Ritchie
Extra Defensemen
Normal : Jonathan Ericsson, Jake Dotchin, Brian Lashoff - PP : Jonathan Ericsson - PK : Jake Dotchin, Brian Lashoff
Penalty Shots
Jordan Nolan, Jakub Voracek, Max Pacioretty, Jeff Carter, Travis Zajac
Scratches
Travis Konecny (Healthy)
Devils
5 vs 5 Forward
Center Left Wing Right Wing Time % Phy DF OF
1 Nazem Kadri Tyler Ennis Marian Gaborik 36 0 2 3
2 Aleksander Barkov Jonathan Huberdeau Nick Palmieri 30 0 2 3
3 Brayden Point Miikka Salomaki Jason Pominville 26 0 2 3
4 Anton Lander Sven Baertschi Logan Shaw 8 0 3 2
5 vs 5 Defense
Defense Defense Time % Phy DF OF
1 Kristopher Letang Anton Stralman 40 0 3 2
2 Michael Del Zotto Brandon Carlo 34 0 3 2
3 Matt Donovan Thomas Hickey 26 0 3 2
4 Kristopher Letang Michael Del Zotto 0 0 3 2
PowerPlay Forward
Center Left Wing Right Wing Time % Phy DF OF
1 Nazem Kadri Tyler Ennis Marian Gaborik 60 0 1 4
2 Aleksander Barkov Jonathan Huberdeau Nick Palmieri 40 0 1 4
PowerPlay Defense
Defense Defense Time % Phy DF OF
1 Kristopher Letang Michael Del Zotto 60 0 2 3
2 Anton Stralman Matt Donovan 40 0 2 3
Penalty Kill 4 Players Forward
Center Wing Time % Phy DF OF
1 Anton Lander Nick Palmieri 65 1 3 1
2 Nazem Kadri Tyler Ennis 35 1 3 1
Penalty Kill 4 Players Defense
Defense Defense Time % Phy DF OF
1 Anton Stralman Brandon Carlo 60 1 4 0
2 Michael Del Zotto Matt Donovan 40 1 4 0
Penalty Kill - 3 Players Forward
Forward Time % Phy DF OF
1 Nazem Kadri 60 1 3 1
2 Aleksander Barkov 40 1 3 1
Penalty Kill - 3 Players Defense
Defense Defense Time % Phy DF OF
1 Kristopher Letang Michael Del Zotto 60 1 4 0
2 Anton Stralman Matt Donovan 40 1 4 0
4 vs 4 Forward
Center Wing Time % Phy DF OF
1 Nazem Kadri Tyler Ennis 60 0 2 3
2 Aleksander Barkov Jonathan Huberdeau 40 0 2 3
4 vs 4 Defense
Defense Defense Time % Phy DF OF
1 Kristopher Letang Anton Stralman 60 0 3 2
2 Michael Del Zotto Matt Donovan 40 0 3 2
Last Minutes Offensive
Center Left Wing Right Wing Defense Defense
Nazem Kadri Tyler Ennis Nick Palmieri Kristopher Letang Michael Del Zotto
Last Minutes Defensive
Center Left Wing Right Wing Defense Defense
Anton Lander Tyler Ennis Nick Palmieri Brandon Carlo Anton Stralman
Goaltenders
Starting : Tyler Weiman
Backup : Maxime Daigneault
Extra Forwards
Normal : Brayden Point, Jason Pominville, Aleksander Barkov - PP : Brayden Point, Jason Pominville - PK : Jason Pominville
Extra Defensemen
Normal : Matt Donovan, Brandon Carlo, Thomas Hickey - PP : Matt Donovan - PK : Matt Donovan, Brandon Carlo
Penalty Shots
Tyler Ennis, Nazem Kadri, Nick Palmieri, Aleksander Barkov, Brayden Point
Scratches
Eric Tangradi (Abdominal Strain Injury)
% Time on Ice - Flyers
Lines # - Real PCT - Wanted PCT - Time Play
Normal Forward
1 - 33% - 40% - 14:36
2 - 32% - 30% - 14:25
3 - 23% - 20% - 10:14
4 - 12% - 10% - 5:34
Normal Defense
1 - 38% - 40% - 16:49
2 - 35% - 30% - 15:31
3 - 26% - 20% - 11:33
4 - 2% - 10% - 0:56
PP Forward
1 - 52% - 60% - 1:02
2 - 48% - 40% - 0:57
PP Defense
1 - 68% - 60% - 1:21
2 - 32% - 40% - 0:38
PK Forward
1 - 71% - 60% - 9:23
2 - 29% - 40% - 3:49
PK Defense
1 - 63% - 60% - 8:17
2 - 37% - 40% - 4:55
PK3 Forward
1 - 0% - 60%
2 - 0% - 40%
PK3 Defense
1 - 0% - 60%
2 - 0% - 40%
44 Forward
1 - 0% - 60%
2 - 0% - 40%
44 Defense
1 - 0% - 60%
2 - 0% - 40%
Last Minute Offensive - 0:00
Last Minute Defensive - 0:00
Total
Forward - 60:00
Defense - 60:00
|
% Time on Ice - Devils
Lines # - Real PCT - Wanted PCT - Time Play
Normal Forward
1 - 36% - 36% - 15:59
2 - 29% - 30% - 12:47
3 - 20% - 26% - 8:54
4 - 16% - 8% - 7:09
Normal Defense
1 - 39% - 40% - 17:31
2 - 31% - 34% - 13:43
3 - 28% - 26% - 12:31
4 - 2% - 0% - 1:04
PP Forward
1 - 50% - 60% - 6:35
2 - 50% - 40% - 6:37
PP Defense
1 - 67% - 60% - 8:51
2 - 33% - 40% - 4:21
PK Forward
1 - 100% - 65% - 1:59
2 - 0% - 35% - 0:00
PK Defense
1 - 100% - 60% - 1:59
2 - 0% - 40% - 0:00
PK3 Forward
1 - 0% - 60%
2 - 0% - 40%
PK3 Defense
1 - 0% - 60%
2 - 0% - 40%
44 Forward
1 - 0% - 60%
2 - 0% - 40%
44 Defense
1 - 0% - 60%
2 - 0% - 40%
Last Minute Offensive - 0:00
Last Minute Defensive - 0:00
Total
Forward - 60:00
Defense - 60:00
|
Play-by-Play
1st period
0:01 of 1st period - Nazem Kadri wins face-off versus Jordan Nolan in neutral zone.
0:12 of 1st period - Wrist shot by Tyler Ennis.
0:12 of 1st period - Shot Misses the Net.
0:14 of 1st period - Snap shot by Tyler Ennis.
0:14 of 1st period - Shot Misses the Net.
0:16 of 1st period - Slapshot by Anton Stralman.
0:16 of 1st period - Shot Blocked by Nathan Beaulieu.
0:26 of 1st period - Kristopher Letang is hit by Nathan Beaulieu and loses puck.
0:40 of 1st period - Icing by Kristopher Letang.
0:41 of 1st period - Travis Zajac wins face-off versus Aleksander Barkov in Devils zone.
0:54 of 1st period - Backhand shot by Nick Ritchie.
0:54 of 1st period - Stopped by Tyler Weiman with a rebound.
0:56 of 1st period - Slapshot by Jake Dotchin.
0:56 of 1st period - Stopped by Tyler Weiman with a rebound.
1:39 of 1st period - Snap shot by Max Pacioretty.
1:39 of 1st period - Stopped by Tyler Weiman with a rebound.
1:55 of 1st period - Wrist shot by Marcus Kruger.
1:55 of 1st period - Shot Blocked by Brandon Carlo.
3:12 of 1st period - Snap shot by Nazem Kadri.
3:12 of 1st period - Stopped by Ilya Sorokin with a rebound.
3:14 of 1st period - Snap shot by Marian Gaborik.
3:14 of 1st period - Goal by Marian Gaborik - Flyers : 0 - Devils : 1.
3:15 of 1st period - Brayden Point wins face-off versus Jakub Voracek in neutral zone.
3:51 of 1st period - Snap shot by Marcus Kruger.
3:51 of 1st period - Stopped by Tyler Weiman without a rebound.
3:52 of 1st period - Aleksander Barkov wins face-off versus Travis Zajac in Devils zone.
4:25 of 1st period - Wrist shot by Max Pacioretty.
4:25 of 1st period - Deflect By Kristopher Letang.
4:25 of 1st period - Stopped by Tyler Weiman without a rebound.
4:26 of 1st period - Jordan Nolan wins face-off versus Brayden Point in Devils zone.
4:27 of 1st period - Slapshot by Max Pacioretty.
4:27 of 1st period - Stopped by Tyler Weiman with a rebound.
4:51 of 1st period - Nazem Kadri is hit by Jacob Trouba and loses puck.
5:32 of 1st period - Snap shot by Travis Zajac.
5:32 of 1st period - Goal by Travis Zajac - Flyers : 1 - Devils : 1.
5:33 of 1st period - Jordan Nolan wins face-off versus Nazem Kadri in neutral zone.
5:44 of 1st period - Minor Penalty to Jordan Nolan for Holding Stick.
5:45 of 1st period - Nazem Kadri wins face-off versus Nick Ritchie in Flyers zone.
6:18 of 1st period - Snap shot by Nazem Kadri.
6:18 of 1st period - Stopped by Ilya Sorokin without a rebound.
6:19 of 1st period - Aleksander Barkov wins face-off versus Nick Ritchie in Flyers zone.
7:00 of 1st period - Slapshot by Calle Jarnkrok.
7:00 of 1st period - Stopped by Tyler Weiman without a rebound.
7:01 of 1st period - Calle Jarnkrok wins face-off versus Aleksander Barkov in Devils zone.
7:17 of 1st period - Icing by Kristopher Letang.
7:18 of 1st period - Nick Ritchie wins face-off versus Aleksander Barkov in Devils zone.
7:35 of 1st period - Nick Ritchie is hit by Kristopher Letang and loses puck.
7:44 of 1st period - Penalty to Jordan Nolan is over, Jordan Nolan is back on ice.
7:48 of 1st period - Slapshot by Michael Del Zotto.
7:48 of 1st period - Stopped by Ilya Sorokin without a rebound.
7:49 of 1st period - Jeff Carter wins face-off versus Nazem Kadri in Flyers zone.
8:16 of 1st period - Miikka Salomaki is hit by Matt Smaby and loses puck.
9:18 of 1st period - Slapshot by Marcus Kruger.
9:18 of 1st period - Stopped by Tyler Weiman with a rebound.
9:24 of 1st period - Wrist shot by Marcus Kruger.
9:24 of 1st period - Shot Hit the Post.
9:26 of 1st period - Slapshot by Nathan Beaulieu.
9:26 of 1st period - Stopped by Tyler Weiman without a rebound.
9:27 of 1st period - Jeff Carter wins face-off versus Miikka Salomaki in Devils zone.
10:04 of 1st period - Slapshot by Nick Ritchie.
10:04 of 1st period - Shot Misses the Net.
10:30 of 1st period - Tomas Kubalik is hit by Michael Del Zotto and loses puck.
10:43 of 1st period - Backhand shot by Marcus Kruger.
10:43 of 1st period - Stopped by Tyler Weiman without a rebound.
10:44 of 1st period - Anton Lander wins face-off versus Jeff Carter in Devils zone.
10:44 of 1st period - Anton Lander is hit by Nathan Beaulieu.
11:05 of 1st period - Anton Stralman is hit by Jeff Carter and loses puck.
11:14 of 1st period - Anton Stralman is hit by Marcus Kruger.
11:32 of 1st period - Logan Shaw is hit by Marcus Kruger and loses puck.
11:49 of 1st period - Snap shot by Marcus Kruger.
11:49 of 1st period - Shot Misses the Net.
11:51 of 1st period - Slapshot by Jeff Carter.
11:51 of 1st period - Stopped by Tyler Weiman without a rebound.
11:52 of 1st period - Nazem Kadri wins face-off versus Jordan Nolan in Devils zone.
12:05 of 1st period - Snap shot by Marian Gaborik.
12:05 of 1st period - Goal by Marian Gaborik - Flyers : 1 - Devils : 2.
12:06 of 1st period - Aleksander Barkov wins face-off versus Jordan Nolan in neutral zone.
12:21 of 1st period - Wrist shot by Aleksander Barkov.
12:21 of 1st period - Stopped by Ilya Sorokin with a rebound.
12:23 of 1st period - Snap shot by Jonathan Huberdeau.
12:23 of 1st period - Stopped by Ilya Sorokin without a rebound.
12:24 of 1st period - Nazem Kadri wins face-off versus Travis Zajac in Flyers zone.
12:27 of 1st period - Wrist shot by Tyler Ennis.
12:27 of 1st period - Shot Misses the Net.
12:29 of 1st period - Slapshot by Anton Stralman.
12:29 of 1st period - Stopped by Ilya Sorokin without a rebound.
12:30 of 1st period - Niclas Bergfors wins face-off versus Nazem Kadri in Flyers zone.
12:41 of 1st period - Wrist shot by Marian Gaborik.
12:41 of 1st period - Shot Misses the Net.
12:43 of 1st period - Slapshot by Kristopher Letang.
12:43 of 1st period - Stopped by Ilya Sorokin with a rebound.
12:45 of 1st period - Slapshot by Kristopher Letang.
12:45 of 1st period - Deflect By Nazem Kadri.
12:45 of 1st period - Stopped by Ilya Sorokin without a rebound.
12:46 of 1st period - Brayden Point wins face-off versus Jordan Nolan in Flyers zone.
12:51 of 1st period - Snap shot by Miikka Salomaki.
12:51 of 1st period - Shot Misses the Net.
12:57 of 1st period - Wrist shot by Brayden Point.
12:57 of 1st period - Stopped by Ilya Sorokin without a rebound.
12:58 of 1st period - Jordan Nolan wins face-off versus Brayden Point in Flyers zone.
13:11 of 1st period - Jakub Voracek is hit by Miikka Salomaki and loses puck.
13:21 of 1st period - Icing by Jakub Voracek.
13:22 of 1st period - Aleksander Barkov wins face-off versus Jordan Nolan in Flyers zone.
14:09 of 1st period - Matt Donovan is hit by Travis Zajac and loses puck.
14:28 of 1st period - Drew Miller is hit by Tyler Ennis and loses puck.
14:59 of 1st period - Snap shot by Calle Jarnkrok.
14:59 of 1st period - Shot Blocked by Brandon Carlo.
15:09 of 1st period - Niclas Bergfors is hit by Nick Palmieri and loses puck.
15:43 of 1st period - Wrist shot by Miikka Salomaki.
15:43 of 1st period - Shot Misses the Net.
15:45 of 1st period - Slapshot by Brandon Carlo.
15:45 of 1st period - Stopped by Ilya Sorokin with a rebound.
16:08 of 1st period - Tomas Kubalik is hit by Brandon Carlo and loses puck.
16:21 of 1st period - Slapshot by Sven Baertschi.
16:21 of 1st period - Goal by Sven Baertschi - Flyers : 1 - Devils : 3.
16:22 of 1st period - Nick Palmieri wins face-off versus Jordan Nolan in neutral zone.
16:35 of 1st period - Snap shot by Aleksander Barkov.
16:35 of 1st period - Shot Blocked by Jacob Trouba.
16:37 of 1st period - Slapshot by Anton Stralman.
16:37 of 1st period - Deflect By Max Pacioretty.
16:37 of 1st period - Stopped by Ilya Sorokin with a rebound.
16:49 of 1st period - Nazem Kadri is hit by Marcus Kruger and loses puck.
17:08 of 1st period - Slapshot by Kristopher Letang.
17:08 of 1st period - Deflect By Brayden Point.
17:08 of 1st period - Stopped by Ilya Sorokin with a rebound.
17:10 of 1st period - Slapshot by Jason Pominville.
17:10 of 1st period - Shot Hit the Post.
17:12 of 1st period - Slapshot by Kristopher Letang.
17:12 of 1st period - Shot Hit the Post.
17:16 of 1st period - Snap shot by Jason Pominville.
17:16 of 1st period - Shot Blocked by Matt Smaby.
17:18 of 1st period - Slapshot by Kristopher Letang.
17:18 of 1st period - Deflect By Niclas Bergfors.
17:18 of 1st period - Stopped by Ilya Sorokin with a rebound.
17:42 of 1st period - Snap shot by Nick Ritchie.
17:42 of 1st period - Shot Misses the Net.
17:44 of 1st period - Snap shot by Travis Zajac.
17:44 of 1st period - Goal by Travis Zajac - Flyers : 2 - Devils : 3.
17:45 of 1st period - Nazem Kadri wins face-off versus Jordan Nolan in neutral zone.
17:54 of 1st period - Snap shot by Nazem Kadri.
17:54 of 1st period - Stopped by Ilya Sorokin with a rebound.
18:14 of 1st period - Icing by Jonathan Huberdeau.
18:15 of 1st period - Travis Zajac wins face-off versus Aleksander Barkov in Devils zone.
18:20 of 1st period - Snap shot by Travis Zajac.
18:20 of 1st period - Deflect By Aleksander Barkov.
18:20 of 1st period - Stopped by Tyler Weiman with a rebound.
18:43 of 1st period - Snap shot by Tyler Ennis.
18:43 of 1st period - Deflect By Marian Gaborik.
18:43 of 1st period - Shot Misses the Net.
18:43 of 1st period - Puck is out of play.
18:44 of 1st period - Jordan Nolan wins face-off versus Nazem Kadri in Flyers zone.
18:44 of 1st period - Jordan Nolan is hit by Michael Del Zotto.
19:16 of 1st period - Wrist shot by Tyler Ennis.
19:16 of 1st period - Stopped by Ilya Sorokin without a rebound.
19:17 of 1st period - Jeff Carter wins face-off versus Brayden Point in Flyers zone.
19:28 of 1st period - Slapshot by Jeff Carter.
19:28 of 1st period - Stopped by Tyler Weiman with a rebound.
Goals for this period are 2 for Flyers vs 3 for Devils.
Shots for this period are 15 for Flyers vs 18 for Devils.
2nd period
0:01 of 2nd period - Jakub Voracek wins face-off versus Brayden Point in neutral zone.
0:26 of 2nd period - Marian Gaborik is hit by Marcus Kruger and loses puck.
1:05 of 2nd period - Minor Penalty to Travis Zajac for Tripping.
1:06 of 2nd period - Nazem Kadri wins face-off versus Jordan Nolan in Flyers zone.
1:35 of 2nd period - Snap shot by Aleksander Barkov.
1:35 of 2nd period - Shot Misses the Net.
1:59 of 2nd period - Matt Donovan is hit by Jeff Carter and loses puck.
3:05 of 2nd period - Penalty to Travis Zajac is over, Travis Zajac is back on ice.
3:22 of 2nd period - Icing by Jake Dotchin.
3:23 of 2nd period - Anton Lander wins face-off versus Jeff Carter in Flyers zone.
3:26 of 2nd period - Backhand shot by Logan Shaw.
3:26 of 2nd period - Shot Blocked by Jonathan Ericsson.
3:35 of 2nd period - Minor Penalty to Drew Miller for High sticking.
3:36 of 2nd period - Tyler Ennis wins face-off versus Jordan Nolan in Flyers zone.
4:50 of 2nd period - Matt Donovan is hit by Brian Lashoff and loses puck.
5:35 of 2nd period - Penalty to Drew Miller is over, Drew Miller is back on ice.
5:51 of 2nd period - Nick Ritchie is hit by Jason Pominville and loses puck.
5:58 of 2nd period - Double Minor Penalty to Niclas Bergfors for Roughing.
5:59 of 2nd period - Nazem Kadri wins face-off versus Jordan Nolan in Flyers zone.
6:00 of 2nd period - Wrist shot by Tyler Ennis.
6:00 of 2nd period - Shot Misses the Net.
6:02 of 2nd period - Slapshot by Nazem Kadri.
6:02 of 2nd period - Stopped by Ilya Sorokin with a rebound.
6:04 of 2nd period - Backhand shot by Matt Donovan.
6:04 of 2nd period - Stopped by Ilya Sorokin without a rebound.
6:05 of 2nd period - Nazem Kadri wins face-off versus Jordan Nolan in Flyers zone.
9:23 of 2nd period - Icing by Jonathan Huberdeau.
9:24 of 2nd period - Nick Ritchie wins face-off versus Aleksander Barkov in Devils zone.
9:58 of 2nd period - Penalty to Niclas Bergfors is over, Niclas Bergfors is back on ice.
10:01 of 2nd period - Wrist shot by Aleksander Barkov.
10:01 of 2nd period - Shot Blocked by Jacob Trouba.
10:15 of 2nd period - Wrist shot by Niclas Bergfors.
10:15 of 2nd period - Shot Misses the Net.
10:17 of 2nd period - Slapshot by Nathan Beaulieu.
10:17 of 2nd period - Shot Misses the Net.
10:19 of 2nd period - Slapshot by Jacob Trouba.
10:19 of 2nd period - Shot Blocked by Nick Palmieri.
10:21 of 2nd period - Wrist shot by Nathan Beaulieu.
10:21 of 2nd period - Stopped by Tyler Weiman with a rebound.
10:23 of 2nd period - Slapshot by Jacob Trouba.
10:23 of 2nd period - Stopped by Tyler Weiman without a rebound.
10:24 of 2nd period - Nazem Kadri wins face-off versus Jeff Carter in Devils zone.
10:24 of 2nd period - Nazem Kadri is hit by Brian Lashoff.
10:38 of 2nd period - Snap shot by Drew Miller.
10:38 of 2nd period - Shot Blocked by Marian Gaborik.
10:40 of 2nd period - Snap shot by Marcus Kruger.
10:40 of 2nd period - Shot Hit the Post.
10:50 of 2nd period - Calle Jarnkrok is hit by Matt Donovan and loses puck.
10:56 of 2nd period - Off-side.
10:57 of 2nd period - Jeff Carter wins face-off versus Brayden Point in neutral zone.
11:13 of 2nd period - Brian Lashoff is hit by Jason Pominville and loses puck.
11:40 of 2nd period - Wrist shot by Jason Pominville.
11:40 of 2nd period - Shot Blocked by Brian Lashoff.
11:42 of 2nd period - Slapshot by Thomas Hickey.
11:42 of 2nd period - Shot Blocked by Brian Lashoff.
11:48 of 2nd period - Wrist shot by Miikka Salomaki.
11:48 of 2nd period - Shot Hit the Post.
11:50 of 2nd period - Slapshot by Matt Donovan.
11:50 of 2nd period - Stopped by Ilya Sorokin without a rebound.
11:51 of 2nd period - Jordan Nolan wins face-off versus Nazem Kadri in Flyers zone.
12:18 of 2nd period - Logan Shaw is hit by Travis Zajac and loses puck.
13:51 of 2nd period - Slapshot by Nathan Beaulieu.
13:51 of 2nd period - Shot Misses the Net.
15:37 of 2nd period - Minor Penalty to Marcus Kruger for Roughing.
15:38 of 2nd period - Nazem Kadri wins face-off versus Jakub Voracek in Flyers zone.
15:52 of 2nd period - Snap shot by Nazem Kadri.
15:52 of 2nd period - Shot Misses the Net.
15:54 of 2nd period - Wrist shot by Tyler Ennis.
15:54 of 2nd period - Shot Misses the Net.
16:55 of 2nd period - Jonathan Huberdeau is hit by Matt Smaby and loses puck.
16:56 of 2nd period - Jonathan Huberdeau from Devils is injured at 16:56 of 2nd period (Bruised Right Shoulder).
16:57 of 2nd period - Jordan Nolan wins face-off versus Nazem Kadri in Devils zone.
17:15 of 2nd period - Icing by Kristopher Letang.
17:16 of 2nd period - Jordan Nolan wins face-off versus Nazem Kadri in Devils zone.
17:37 of 2nd period - Penalty to Marcus Kruger is over, Marcus Kruger is back on ice.
17:54 of 2nd period - Slapshot by Tyler Ennis.
17:54 of 2nd period - Shot Misses the Net.
17:56 of 2nd period - Slapshot by Kristopher Letang.
17:56 of 2nd period - Shot Misses the Net.
17:58 of 2nd period - Snap shot by Tyler Ennis.
17:58 of 2nd period - Shot Misses the Net.
18:00 of 2nd period - Wrist shot by Nazem Kadri.
18:00 of 2nd period - Shot Misses the Net.
18:02 of 2nd period - Snap shot by Nazem Kadri.
18:02 of 2nd period - Goal by Nazem Kadri - Flyers : 2 - Devils : 4.
18:03 of 2nd period - Aleksander Barkov wins face-off versus Jakub Voracek in neutral zone.
18:37 of 2nd period - Slapshot by Anton Lander.
18:37 of 2nd period - Deflect By Logan Shaw.
18:37 of 2nd period - Stopped by Ilya Sorokin with a rebound.
19:05 of 2nd period - Slapshot by Nazem Kadri.
19:05 of 2nd period - Stopped by Ilya Sorokin with a rebound.
19:15 of 2nd period - Brian Lashoff is hit by Brayden Point and loses puck.
19:34 of 2nd period - Nick Palmieri is hit by Jordan Nolan and loses puck.
Goals for this period are 0 for Flyers vs 1 for Devils.
Shots for this period are 2 for Flyers vs 6 for Devils.
3rd period
0:01 of 3rd period - Jordan Nolan wins face-off versus Nazem Kadri in neutral zone.
0:27 of 3rd period - Anton Stralman is hit by Marcus Kruger.
1:51 of 3rd period - Snap shot by Matt Smaby.
1:51 of 3rd period - Stopped by Tyler Weiman with a rebound.
2:33 of 3rd period - Snap shot by Jakub Voracek.
2:33 of 3rd period - Shot Misses the Net.
2:35 of 3rd period - Slapshot by Jonathan Ericsson.
2:35 of 3rd period - Stopped by Tyler Weiman without a rebound.
2:36 of 3rd period - Nazem Kadri wins face-off versus Travis Zajac in Devils zone.
2:36 of 3rd period - Nazem Kadri is hit by Travis Zajac.
4:26 of 3rd period - Slapshot by Jason Pominville.
4:26 of 3rd period - Stopped by Ilya Sorokin with a rebound.
4:38 of 3rd period - Kristopher Letang is hit by Tomas Kubalik and loses puck.
5:03 of 3rd period - Snap shot by Jordan Nolan.
5:03 of 3rd period - Stopped by Tyler Weiman without a rebound.
5:04 of 3rd period - Travis Zajac wins face-off versus Aleksander Barkov in Devils zone.
5:05 of 3rd period - Snap shot by Niclas Bergfors.
5:05 of 3rd period - Shot Blocked by Nick Palmieri.
5:15 of 3rd period - Snap shot by Anton Stralman.
5:15 of 3rd period - Stopped by Ilya Sorokin without a rebound.
5:16 of 3rd period - Nazem Kadri wins face-off versus Jordan Nolan in Flyers zone.
5:17 of 3rd period - Slapshot by Marian Gaborik.
5:17 of 3rd period - Stopped by Ilya Sorokin with a rebound.
5:19 of 3rd period - Slapshot by Kristopher Letang.
5:19 of 3rd period - Deflect By Jordan Nolan.
5:19 of 3rd period - Stopped by Ilya Sorokin with a rebound.
5:21 of 3rd period - Slapshot by Marian Gaborik.
5:21 of 3rd period - Shot Blocked by Jacob Trouba.
5:39 of 3rd period - Minor Penalty to Anton Stralman for Interference.
5:40 of 3rd period - Anton Lander wins face-off versus Jordan Nolan in Devils zone.
5:40 of 3rd period - Anton Lander is hit by Jakub Voracek.
7:24 of 3rd period - Icing by Jacob Trouba.
7:25 of 3rd period - Jordan Nolan wins face-off versus Aleksander Barkov in Flyers zone.
7:39 of 3rd period - Penalty to Anton Stralman is over, Anton Stralman is back on ice.
8:14 of 3rd period - Slapshot by Jason Pominville.
8:14 of 3rd period - Shot Misses the Net.
8:16 of 3rd period - Slapshot by Michael Del Zotto.
8:16 of 3rd period - Deflect By Jason Pominville.
8:16 of 3rd period - Deflect By Tomas Kubalik.
8:16 of 3rd period - Shot Misses the Net.
8:16 of 3rd period - Puck is out of play.
8:17 of 3rd period - Nazem Kadri wins face-off versus Max Pacioretty in Flyers zone.
8:28 of 3rd period - Wrist shot by Tyler Ennis.
8:28 of 3rd period - Stopped by Ilya Sorokin without a rebound.
8:29 of 3rd period - Jordan Nolan wins face-off versus Nazem Kadri in Flyers zone.
9:10 of 3rd period - Snap shot by Marcus Kruger.
9:10 of 3rd period - Stopped by Tyler Weiman without a rebound.
9:11 of 3rd period - Marian Gaborik wins face-off versus Travis Zajac in Devils zone.
9:30 of 3rd period - Tyler Ennis is hit by Niclas Bergfors.
9:42 of 3rd period - Snap shot by Jordan Nolan.
9:42 of 3rd period - Shot Misses the Net.
9:44 of 3rd period - Snap shot by Jakub Voracek.
9:44 of 3rd period - Deflect By Nick Palmieri.
9:44 of 3rd period - Shot Blocked by Michael Del Zotto.
9:44 of 3rd period - Puck is out of play.
9:45 of 3rd period - Jordan Nolan wins face-off versus Aleksander Barkov in Devils zone.
10:13 of 3rd period - Minor Penalty to Jordan Nolan for Slashing.
10:14 of 3rd period - Nazem Kadri wins face-off versus Nick Ritchie in Flyers zone.
10:15 of 3rd period - Snap shot by Tyler Ennis.
10:15 of 3rd period - Shot Misses the Net.
10:17 of 3rd period - Slapshot by Michael Del Zotto.
10:17 of 3rd period - Shot Misses the Net.
10:19 of 3rd period - Snap shot by Nazem Kadri.
10:19 of 3rd period - Shot Blocked by Nathan Beaulieu.
10:21 of 3rd period - Slapshot by Michael Del Zotto.
10:21 of 3rd period - Shot Blocked by Nick Ritchie.
10:25 of 3rd period - Snap shot by Tyler Ennis.
10:25 of 3rd period - Stopped by Ilya Sorokin with a rebound.
10:27 of 3rd period - Slapshot by Kristopher Letang.
10:27 of 3rd period - Shot Blocked by Nathan Beaulieu.
10:42 of 3rd period - Icing by Michael Del Zotto.
10:43 of 3rd period - Calle Jarnkrok wins face-off versus Aleksander Barkov in Devils zone.
11:00 of 3rd period - Slapshot by Kristopher Letang.
11:00 of 3rd period - Deflect By Jeff Carter.
11:00 of 3rd period - Stopped by Ilya Sorokin with a rebound.
11:02 of 3rd period - Snap shot by Nick Palmieri.
11:02 of 3rd period - Shot Misses the Net.
11:28 of 3rd period - Snap shot by Aleksander Barkov.
11:28 of 3rd period - Shot Misses the Net.
11:30 of 3rd period - Snap shot by Aleksander Barkov.
11:30 of 3rd period - Goal by Aleksander Barkov - Flyers : 2 - Devils : 5.
11:31 of 3rd period - Jordan Nolan wins face-off versus Nazem Kadri in neutral zone.
11:38 of 3rd period - Wrist shot by Nazem Kadri.
11:38 of 3rd period - Shot Misses the Net.
11:42 of 3rd period - Snap shot by Tyler Ennis.
11:42 of 3rd period - Stopped by Ilya Sorokin with a rebound.
11:44 of 3rd period - Slapshot by Matt Donovan.
11:44 of 3rd period - Stopped by Ilya Sorokin with a rebound.
12:05 of 3rd period - Snap shot by Drew Miller.
12:05 of 3rd period - Shot Blocked by Thomas Hickey.
12:07 of 3rd period - Slapshot by Brian Lashoff.
12:07 of 3rd period - Stopped by Tyler Weiman with a rebound.
12:18 of 3rd period - Thomas Hickey is hit by Nick Ritchie and loses puck.
12:22 of 3rd period - Matt Donovan is hit by Brian Lashoff and loses puck.
12:57 of 3rd period - Nathan Beaulieu is hit by Aleksander Barkov and loses puck.
13:19 of 3rd period - Slapshot by Jacob Trouba.
13:19 of 3rd period - Stopped by Tyler Weiman without a rebound.
13:20 of 3rd period - Jeff Carter wins face-off versus Anton Lander in Devils zone.
13:21 of 3rd period - Slapshot by Marcus Kruger.
13:21 of 3rd period - Stopped by Tyler Weiman with a rebound.
13:23 of 3rd period - Snap shot by Jake Dotchin.
13:23 of 3rd period - Shot Misses the Net.
13:25 of 3rd period - Slapshot by Jonathan Ericsson.
13:25 of 3rd period - Stopped by Tyler Weiman without a rebound.
13:26 of 3rd period - Nazem Kadri wins face-off versus Jeff Carter in Devils zone.
13:43 of 3rd period - Marcus Kruger is hit by Tyler Ennis and loses puck.
14:04 of 3rd period - Snap shot by Jakub Voracek.
14:04 of 3rd period - Stopped by Tyler Weiman with a rebound.
14:21 of 3rd period - Icing by Jacob Trouba.
14:22 of 3rd period - Travis Zajac wins face-off versus Aleksander Barkov in Flyers zone.
15:11 of 3rd period - Wrist shot by Travis Zajac.
15:11 of 3rd period - Deflect By Nick Ritchie.
15:11 of 3rd period - Stopped by Tyler Weiman without a rebound.
15:12 of 3rd period - Jordan Nolan wins face-off versus Nick Palmieri in Devils zone.
16:28 of 3rd period - Snap shot by Jeff Carter.
16:28 of 3rd period - Stopped by Tyler Weiman with a rebound.
16:42 of 3rd period - Wrist shot by Jordan Nolan.
16:42 of 3rd period - Deflect By Max Pacioretty.
16:42 of 3rd period - Goal by Max Pacioretty - Flyers : 3 - Devils : 5.
16:43 of 3rd period - Brayden Point wins face-off versus Travis Zajac in neutral zone.
17:31 of 3rd period - Jakub Voracek is hit by Nazem Kadri and loses puck.
17:58 of 3rd period - Drew Miller is hit by Brandon Carlo and loses puck.
18:58 of 3rd period - Snap shot by Jeff Carter.
18:58 of 3rd period - Stopped by Tyler Weiman with a rebound.
19:00 of 3rd period - Wrist shot by Jeff Carter.
19:00 of 3rd period - Stopped by Tyler Weiman with a rebound.
19:02 of 3rd period - Wrist shot by Jonathan Ericsson.
19:02 of 3rd period - Shot Misses the Net.
19:22 of 3rd period - Snap shot by Niclas Bergfors.
19:22 of 3rd period - Shot Misses the Net.
19:48 of 3rd period - Snap shot by Travis Zajac.
19:48 of 3rd period - Stopped by Tyler Weiman with a rebound.
Goals for this period are 1 for Flyers vs 1 for Devils.
Shots for this period are 15 for Flyers vs 10 for Devils.